 Dungeon Crawl Stone Soup version 0.26-a0-800-g517d6fe721 (webtiles) character file.

Game seed: 6498796125743262533

4370 dickylongcocking the Martial Artist (level 10, -5/73 HPs)
             Began as an Octopode Delver on Nov 12, 2020.
             Was an Initiate of Gozag.
             Slain by a red ugly thing (22 damage)
             ... on level 8 of the Dungeon.
             The game lasted 00:08:36 (9734 turns).

dickylongcocking the Martial Artist (OpDe)          Turns: 9734, Time: 00:08:37

Health: -5/73      AC:  1    Str: 11    XL:     10   Next: 34%
Magic:  10/10      EV: 13    Int: 22    God:    Gozag
Gold:   641        SH:  5    Dex: 14    Spells: 9/9 levels left

rFire    . . .     SeeInvis .     - Unarmed
rCold    . . .     Faith    .   (no shield)
rNeg     . . .     Spirit   .   (helmet restricted)
rPois    .         Reflect  +   G - amulet of reflection
rElec    .         Harm     .   i - ring of wizardry
rCorr    .         Rampage  .   y - ring of protection from magic
MR       +....                  z - ring of stealth
Stlth    +++++.....             B - +6 ring of intelligence
HPRegen  0.22/turn              (no ring)
MPRegen  0.12/turn              (no ring)
                                (no ring)
                                (no ring)

@: no status effects
A: almost no armour, stealthy swim, amphibious, 8 rings, constrict 8, camouflage
1, gelatinous body 1
a: Potion Petition, Call Merchant, Bribe Branch, Renounce Religion


You were on level 8 of the Dungeon.
You worshipped Gozag.
Gozag was pleased with you.
You visited 2 branches of the dungeon, and saw 9 of its levels.

You collected 716 gold pieces.
You paid 75 gold pieces to Gozag.

Inventory:

Missiles
 o - 22 poisoned darts (quivered)
Jewellery
 i - a ring of wizardry (left tentacle)
 y - a ring of protection from magic (right tentacle)
 z - a ring of stealth (on tentacle)
 B - a +6 ring of intelligence (on tentacle)
 G - an amulet of reflection (around mantle)
Wands
 d - a wand of acid (10)
 e - a wand of digging (16)
 j - a wand of iceblast (22)
 C - a wand of polymorph (2)
Scrolls
 a - 2 scrolls of fog
 b - 2 scrolls of magic mapping
 c - 2 scrolls of fear
 g - 7 scrolls of remove curse {unknown}
 k - 5 scrolls of enchant armour {unknown}
 l - 9 scrolls of identify {unknown}
 m - 10 scrolls of teleportation {unknown}
 q - a scroll of amnesia {unknown}
 r - 4 scrolls of enchant weapon {unknown}
 t - a scroll of summoning {unknown}
 v - a scroll of blinking {unknown}
 x - 2 scrolls of noise {unknown}
 A - a scroll of random uselessness {unknown}
 D - 2 scrolls of immolation {unknown}
 E - a scroll of vulnerability {unknown}
Potions
 f - 6 potions of curing
 h - 2 potions of heal wounds {unknown}
 n - a potion of degeneration {unknown}
 p - 3 potions of might {unknown}
 s - 2 potions of magic {unknown}
 u - 3 potions of attraction {unknown}
 w - 2 potions of resistance {unknown}
 F - 2 potions of flight
 H - a potion of haste
 I - a potion of invisibility {unknown}


   Skills:
 * Level 8.9 Fighting
 - Level 2.0 Dodging
 - Level 6.6 Stealth
 * Level 11.2 Unarmed Combat
 * Level 5.2 Evocations


You had 9 spell levels left.
You didn't know any spells.
Your spell library was empty.

Dungeon Overview and Level Annotations

Branches:
Dungeon (8/15)             Temple (1/1) D:6
   Lair: D:8-11

Altars:
Dithmenos
Fedhas
Gozag
Hepliaklqana
Kikubaaqudgha
Okawaru
Qazlal
Trog
Vehumet
Xom
Zin
The Shining One

Shops:
D:7 :


Innate Abilities, Weirdness & Mutations

You cannot wear most types of armour.
You are very stealthy in the water. (Stealth+)
You are amphibious.
You can wear up to eight rings at the same time.
You can use your tentacles to constrict eight enemies at once.
Your skin changes colour to match your surroundings (Stealth+).
Your rubbery body absorbs attacks. (AC +1, EV +1)


Message History

Unknown command.
Okay, then.
You release your grip on the red ugly thing.
Evoke which item? (* to show all) (? for menu, Esc to quit)
Okay, then.
Unknown command.
Press: ? - help, v - describe, . - travel
Here: a red ugly thing (almost dead)
The floor, spattered with blood.
Evoke which item? (* to show all) (? for menu, Esc to quit)
Aiming: Iceblast
Press: ? - help, Shift-Dir - straight line The mass of ice explodes!
The iceblast engulfs the red ugly thing!
The red ugly thing is almost dead.
The red ugly thing pecks you.
* * * LOW HITPOINT WARNING * * *
You are engulfed in flames!!
You die...
Your body crumbles into a pile of gold.

#. .... ##'# ...# #...###
... .....# ###.# ...##
##.#.# #..####....#
#..........#
##..u@##....###
#.###.##......#
#.###..##)##.#.#
.####..###.##.#.# ##
.⌠.......##.##...# #..
###.####......###..# #..
##.#.#)###..##.###..#
...###)##.##.###.##......#
#....###.###....######.##


You could see a red ugly thing.

Vanquished Creatures
  A two-headed ogre (D:8)
  Maurice (D:8)
  Grinder (D:5)
  Sigmund (D:5)
  2 centaurs
  Menkaure (D:5)
  Duvessa (D:7)
  An ice beast (D:5)
  3 phantoms
  An orc warrior (D:8)
  5 ogres
  5 bullfrogs
  A gnoll shaman (D:4)
  A gnoll sergeant (D:8)
  3 scorpions
  Dowan (D:7)
  3 wights (D:8)
  A killer bee (D:8)
  A howler monkey (D:6)
  A crimson imp (D:5)
  A centaur zombie (D:5)
  3 hounds
  A bullfrog skeleton (D:6)
  An orc priest (D:4)
  3 orc wizards
  Jessica (D:2)
  Ijyb (D:5)
  4 worker ants
  A worker ant zombie (D:8)
  3 gnolls (D:6)
  11 adders
  3 shadow imps
  2 white imps
  2 ufetubi (D:6)
  An ooze (D:3)
  An adder skeleton (D:4)
  A worm (D:5)
  3 dart slugs (D:3)
  3 leopard geckos
  23 orcs
  2 ball pythons
  6 giant cockroaches
  5 goblins
  4 hobgoblins
  15 jackals
  2 quokkas
  6 bats
  6 frilled lizards
  7 kobolds
  A leopard gecko skeleton (D:7)
  7 rats
165 creatures vanquished.

Vanquished Creatures (collateral kills)
  A phantom (D:4)
  2 killer bees (D:8)
3 creatures vanquished.

Vanquished Creatures (others)
  An ogre (D:6)
  A killer bee (D:8)
  An orc wizard (D:5)
3 creatures vanquished.

Grand Total: 171 creatures vanquished

Notes
Turn   | Place    | Note
-------+----------+-------------------------------------------
     0 | D:5      | dickylongcocking the Octopode Delver began the quest for
                  | the Orb.
     0 | D:5      | Reached XP level 1. HP: 16/16 MP: 1/1
    12 | D:5      | Noticed a bullfrog
   245 | D:4      | Noticed a worker ant
   246 | D:4      | Noticed a phantom
   254 | D:4      | Killed a phantom
   254 | D:4      | Reached skill level 4 in Unarmed Combat
   254 | D:4      | Reached XP level 2. HP: 12/21 MP: 2/2
   254 | D:4      | Reached XP level 3. HP: 15/26 MP: 3/3
   254 | D:4      | Reached XP level 4. HP: 18/31 MP: 4/4
   275 | D:4      | Reached skill level 5 in Unarmed Combat
   275 | D:4      | Reached XP level 5. HP: 14/36 MP: 5/5
   903 | D:4      | Noticed an ogre
   965 | D:4      | Killed an ogre
  1192 | D:4      | Reached skill level 6 in Unarmed Combat
  1335 | D:4      | Noticed an ogre
  1340 | D:4      | Killed an ogre
  1340 | D:4      | Reached XP level 6. HP: 42/42 MP: 6/6
  1349 | D:4      | Noticed a phantom
  1369 | D:4      | Killed a phantom
  1369 | D:4      | Reached skill level 7 in Unarmed Combat
  1377 | D:4      | Reached XP level 7. HP: 27/46 MP: 7/7
  1748 | D:2      | You fall into a shaft and drop 2 floors!
  2212 | D:2      | Noticed Jessica
  2225 | D:2      | Killed Jessica
  3074 | D:2      | Reached skill level 8 in Unarmed Combat
  4013 | D:5      | Noticed Ijyb
  4026 | D:5      | Killed Ijyb
  4059 | D:5      | Noticed Menkaure
  4066 | D:5      | Killed Menkaure
  4066 | D:5      | Reached XP level 8. HP: 18/54 MP: 8/8
  4333 | D:5      | Found a shadowy altar of Dithmenos.
  4703 | D:5      | Noticed Sigmund
  4719 | D:5      | Killed Sigmund
  4719 | D:5      | Reached skill level 5 in Fighting
  4719 | D:5      | Reached skill level 9 in Unarmed Combat
  5488 | D:5      | Noticed Grinder
  5502 | D:5      | Killed Grinder
  5754 | D:6      | Reached XP level 9. HP: 53/63 MP: 9/9
  5985 | D:6      | Reached skill level 10 in Unarmed Combat
  6721 | D:6      | Reached skill level 1 in Evocations
  6909 | D:6      | Found a staircase to the Ecumenical Temple.
  6918 | Temple   | Entered the Ecumenical Temple
  6925 | Temple   | Became a worshipper of Gozag Ym Sagoz the Greedy
  7005 | D:7      | Found Zuterama's Book Shoppe.
  7140 | D:7      | Noticed Dowan
  7141 | D:7      | Noticed Duvessa
  7150 | D:7      | Killed Dowan
  7193 | D:7      | Killed Duvessa
  9088 | D:8      | Reached XP level 10. HP: 43/72 MP: 10/10
  9373 | D:8      | Noticed a two-headed ogre
  9438 | D:8      | Killed a two-headed ogre
  9438 | D:8      | Reached skill level 11 in Unarmed Combat
  9663 | D:8      | Noticed Maurice
  9669 | D:8      | Killed Maurice
  9669 | D:8      | Reached skill level 5 in Evocations
  9721 | D:8      | Noticed a red ugly thing
  9734 | D:8      | Slain by a red ugly thing

Illustrated notes

Levels and vault maps discovered:
D:1:      dpeg_arrival_solitude, layout_basic
D:2:      layout_basic, uniq_jessica
D:3:      lemuel_upstairs_altar, layout_rooms, minmay_misc_feat_cross,
          minmay_misc_feat_plants, minmay_pentangle
D:4:      layout_basic, minmay_joined_circles
D:5:      layout_loops_cross, nicolae_dithmenos_the_darkroom,
          minmay_fire_ice_demons, uniq_ijyb, uniq_grinder, uniq_sigmund,
          uniq_menkaure
D:6:      layout_loops_cross, temple_hall, minmay_microvault
D:7:      layout_gridville, serial_shops, shop, uniq_duvessa
D:8:      layout_loops_corners, minivault_10, corner_web_ring, kb_rosetta,
          uniq_maurice
Temple:   compressed_dpeg_triangle_lava_temple

Skill      XL: |  1  2  3  4  5  6  7  8  9 10 |
---------------+-------------------------------+-----
Unarmed Combat | 4 5 6 7 8 9 10 11 | 11.2
Fighting       | 4 6 8 |  8.9
Evocations     | 3 5 |  5.2
Dodging        | |  2.0
Stealth        | |  6.6

Action                   |  1- 3 |  4- 6 |  7- 9 | 10-12 || total
-------------------------+-------+-------+-------+-------++-------
Melee: Unarmed           |     8 |    32 |   350 |    22 ||   412
       Constrict         |     2 |     5 |    62 |     4 ||    73
       Tentacles         |       |     8 |    53 |     7 ||    68
       Punch             |       |       |    23 |     1 ||    24
Throw: Dart              |       |    12 |     8 |    17 ||    37
       Throwing net      |       |     1 |       |       ||     1
Evoke: Wand              |     4 |     2 |    12 |     1 ||    19
  Use: Potion            |       |     1 |     5 |     1 ||     7
 Stab: Sleeping          |     2 |     2 |    43 |     3 ||    50
       Distracted        |       |     1 |     2 |       ||     3
Armor: Skin              |       |       |    19 |       ||    19
Dodge: Dodged            |     5 |    14 |   143 |     9 ||   171
Block: Other             |       |       |     9 |     4 ||    13

Table legend: (Time is in decaauts)
 A = Elapsed time spent in this place.
 B = Non-inter-level travel time spent in this place.
 C = Inter-level travel time spent in this place.
 D = Time resting spent in this place.
 E = Time spent auto-exploring this place.
 F = Levels seen in this place.
 G = Mean time per level.
                   A        B        C        D        E       F      G
               +--------+--------+--------+--------+--------+-----+--------+
         Total |   9613 |   9274 |    339 |   1756 |   6063 |   9 | 1068.1 |
       Dungeon |   9600 |   9265 |    335 |   1756 |   6063 |   8 | 1200.0 |
        Temple |     12 |      8 |      4 |      0 |      0 |   1 |   12.0 |
               +--------+--------+--------+--------+--------+-----+--------+

Top non-repeatable levels by time:
     D:4: 2085 daAuts
     D:5: 1769 daAuts
     D:8: 1497 daAuts
     D:6: 1236 daAuts
     D:7: 1172 daAuts
     D:2: 746 daAuts
     D:3: 648 daAuts
     D:1: 444 daAuts
  Temple: 12 daAuts
